 Dungeon Crawl Stone Soup version 0.24-a0-518-g9d8d8d5b78 (webtiles) character file.

Game seed: 4426435589046334298

0 Gargoyl the Skirmisher (level 1, -4/19 HPs)
             Began as a Centaur Abyssal Knight on July 23, 2019.
             Was a Follower of Lugonu.
             Slain by a large abomination (22 damage)
             ... on level 3 of the Abyss.
             The game lasted 00:00:26 (136 turns).

Gargoyl the Skirmisher (Centaur Abyssal Knight)      Turns: 136, Time: 00:00:27

Health: -4/19      AC:  4    Str: 14    XL:     1   Next: 0%
Magic:  2/2        EV:  9    Int: 11    God:    Lugonu [*.....]
Gold:   55         SH:  0    Dex:  8    Spells: 0/0 levels left

rFire    . . .     SeeInvis .   a - +1 hand axe
rCold    . . .     Gourm    .   (no shield)
rNeg     . . .     Faith    .   b - +0 leather armour
rPois    .         Spirit   .   (no helmet)
rElec    .         Reflect  .   (no cloak)
rCorr    .         Harm     .   (no gloves)
MR       .....                  (no barding)
Stlth    +.........             (no amulet)
HPRegen  0.06/turn              (no ring)
MPRegen  0.08/turn              (no ring)

@: flying, very quick
A: large, hooves 3, deformed body, speed 2, tough skin 3
a: Depart the Abyss, Renounce Religion


You were on level 3 of the Abyss.
You worshipped Lugonu.
Lugonu was aware of your devotion.
You were not hungry.

You visited 0 branches of the dungeon, and saw 0 of its levels.
You visited the Abyss 1 time.

You collected 55 gold pieces.

Inventory:

Hand Weapons
 a - a +1 hand axe (weapon)
Armour
 b - a +0 leather armour (worn)
Comestibles
 c - 2 rations


   Skills:
 + Level 3.0 Fighting
 + Level 1.7 Axes
 + Level 1.3 Armour
 + Level 0.6 Dodging
 + Level 2.0 Invocations


You couldn't memorise any spells.
You didn't know any spells.
Your spell library was empty.

Dungeon Overview and Level Annotations

Branches:
Dungeon (0/15)

Altars:


Innate Abilities, Weirdness & Mutations

You have hooves in place of feet.
Armour fits poorly on your strangely shaped body.
You cover ground very quickly.
You have extremely tough skin. (AC +3)


Message History

It was a potion of flight.
You feel very buoyant.
You fly up into the air.
A starcursed mass comes into view.
A starcursed mass splits.
Found a gateway leading deeper into the Abyss.
An insubstantial wisp comes into view.
A wretched star comes into view.
A starcursed mass splits.
An ancient zyme comes into view.
You feel yourself growing ill in the presence of the ancient zyme.
A starcursed mass splits.
The insubstantial wisp blinks!
There is a gateway leading deeper into the Abyss here.
You plunge deeper into the Abyss.
The abyssal rune of Zot can be found at this depth.
Found a leather armour.
Magic restored.
A large abomination comes into view.
The large abomination hits you!!
Ouch! That really hurt!
You die...

#.###......
##.....#..##
#..#....... #. #
#. ......#.## ..
##.####.#....##...
..
#......#......#...
. #
#.#.#....#.#.#.#.#
##..#.....#. ...#.
#@###.....#.#....#
##X#........... .#
###....##.## #.
#.....##. . #
#....###..##.#
#........#.[.#
#.#.# ..#.. ..
#.... #.... ..
....#.#.......#


You could see a large abomination.

Vanquished Creatures (others)
  2 starspawn tentacles (Abyss:2)
2 creatures vanquished.

Notes
Turn   | Place    | Note
-------+----------+-------------------------------------------
     0 | Abyss:1  | Gargoyl the Centaur Abyssal Knight began the quest for the
                  | Orb.
     0 | Abyss:1  | Reached XP level 1. HP: 19/19 MP: 2/2
    86 | Abyss:2  | Noticed a tentacled starspawn
    92 | Abyss:2  | Noticed a great orb of eyes
   108 | Abyss:2  | Noticed a starcursed mass
   112 | Abyss:2  | Noticed an insubstantial wisp
   112 | Abyss:2  | Noticed a wretched star
   113 | Abyss:2  | Noticed an ancient zyme
   136 | Abyss:3  | Noticed a large abomination
   136 | Abyss:3  | Slain by a large abomination

Levels and vault maps discovered:
Abyss:3:  nicolae_abyss_rune_star_stuff

Action                   || total
-------------------------++-------
  Use: Potion            ||     1
Dodge: Dodged            ||     1

Table legend:
 A = Non-vault XP
 B = Vault XP
 C = Vault XP percentage of total XP
 D = Non-vault monster count
 E = Vault monster count
 F = Vault count percentage of total count
                 A         B        C        D         E       F
            +---------+---------+-------+---------+---------+-------
      Total |       0 |       0 |   N/A |       0 |       0 |  -nan
            +---------+---------+-------+---------+---------+-------
            +---------+---------+-------+---------+---------+-------
